cohdb
Replays
Latest Replays
All Replays
Popular Replays
Top Player Replays
Match Explorer
How It Works
Community
CoH3 Stats
Reddit
Sign in to upload your games and track your stats! →
Sign in with Steam
Match 41392793
Unlisted
Match 41392793
Overview
Messages
Build Orders
End
Vickers Machine Gun Team
Construct Section Command Post
Infantry Section
Infantry Section
Infantry Section
Construct Platoon Command Post
Humber Armored Car
Infantry Section
Grenade Package
CMP 15cwt Truck
6-pounder Anti-tank Gun Team
Infantry Training
Unlock Bishop Self-propelled Artillery
Bishop Self-propelled Artillery
Selects Australian Defense Battlegroup
Selects CMP 15cwt Supply Run
Selects Reinforced Resource Caches
[HAN]Diederick Kastner
Xsio
Chairman LMao
帝国の突撃隊
Zigouigoui
Base rush noobs #
大炮一响黄金万两
Anavrin
0
0
Comments
sign in to comment!
No comments posted yet!